 Dungeon Crawl Stone Soup version 0.15-a0-1689-gfa11693 (webtiles) character file.

95983 PolkaDot the Maledictor (level 15, 0/90 HPs)
             Began as a Vampire Enchanter on June 25, 2014.
             Was the Champion of Ashenzari.
             Slain by a merfolk
             ... wielding a +0 trident
              (16 damage)
             ... on Level 1 of the Shoals.
             The game lasted 02:04:53 (28600 turns).

PolkaDot the Maledictor (Vampire Enchanter)        Turns: 28600, Time: 02:04:54

HP   0/90        AC 11     Str  7      XL: 15   Next: 67%
MP  26/32        EV 16     Int 22      God: Ashenzari [******]
Gold 1142        SH  6     Dex 14      Spells: 11 memorised,  0 levels left

rFire  + . .     SeeInvis +     g - +7 dagger (speed) (curse)
rCold  + + .     Clarity  +     M - +1 leather armour {rF+} (curse)
rNeg   + + +     rCorr    .     O - +0 buckler (curse)
rPois  +         rRot     +     K - +0 hat (curse)
rElec  .         Spirit   .     z - +0 cloak (curse)
SustAb .         Warding  .     v - +2 pair of gloves (curse)
rMut   +         Stasis   .     I - +1 pair of boots (curse)
Gourm  .                        P - cursed amulet of resist mutation
MR     +....                    d - cursed ring of wizardry
                                i - cursed +1 ring of evasion

@: flying, bloodless, non-regenerating, somewhat resistant to hostile
enchantments, uncannily stealthy
A: bottle blood, fangs 3, see invisible, unbreathing
a: Bat Form, Bottle Blood, Scrying, Transfer Knowledge, Renounce Religion


You were on level 1 of the Shoals.
You worshipped Ashenzari.
Ashenzari was exalted by your worship.
You were bloodless.

You visited 4 branches of the dungeon, and saw 25 of its levels.
You also visited: Ossuary and Volcano.

You collected 1846 gold pieces.
You spent 704 gold pieces at shops.

Inventory:

Hand weapons
 g - a cursed +7 dagger of speed (weapon)
Missiles
 y - 9 throwing nets (quivered)
Armour
 v - a cursed +2 pair of gloves (worn)
 z - a cursed +0 cloak (worn)
 I - a cursed +1 pair of boots (worn)
 K - a cursed +0 hat (worn)
 M - a cursed +1 leather armour of fire resistance (worn)
 O - a cursed +0 buckler (worn)
Magical devices
 b - a wand of teleportation (4)
 m - a wand of paralysis (9)
 o - a wand of invisibility (2)
 x - a wand of lightning (7)
 B - a wand of cold (8)
 C - a wand of digging (15)
 F - a wand of confusion (12)
 J - a wand of fire (3)
 Q - a wand of digging (10)
 R - a wand of disintegration (11) {unknown}
 T - a wand of digging (16)
 X - a wand of magic darts (10)
Scrolls
 a - a scroll of curse armour
 f - a scroll of magic mapping
 h - 3 scrolls of fog
 j - 12 scrolls of teleportation
 k - a scroll of curse jewellery
 l - 2 scrolls of curse weapon
 n - 16 scrolls of remove curse
 p - 4 scrolls of immolation
 q - 6 scrolls of recharging
 s - 5 scrolls of blinking
 u - 4 scrolls of amnesia
 A - 6 scrolls of fear
 L - a scroll of acquirement {unknown}
 S - a scroll of silence {unknown}
 U - a scroll of brand weapon
Jewellery
 d - a cursed ring of wizardry (right hand)
 i - a cursed +1 ring of evasion (left hand)
 P - a cursed amulet of resist mutation (around neck)
Potions
 c - 3 potions of cure mutation {!q}
 e - 2 potions of agility
 r - a potion of resistance
 t - 4 potions of brilliance
 w - 4 potions of flight
 D - 2 potions of magic
 G - a potion of restore abilities
 H - 2 potions of haste
 N - a potion of might
 V - 2 potions of mutation {unknown}
 Y - a potion of curing
Books
 E - a book of Ice

   Spells                             Type                      Level
   *Metabolic Englaciation            Hexes/Ice                    5
   Ozocubu's Refrigeration            Ice                          6
   Bolt of Cold                       Conjuration/Ice              6
   Freezing Cloud                     Conjuration/Ice/Air          6
   Simulacrum                         Ice/Necromancy               6
Miscellaneous
 W - an ornate deck of wonders


   Skills:
 - Level 10.9(15.1) Short Blades
 - Level 4.1 Armour
 - Level 4.8(9.2) Dodging
 + Level 20.1(23.6) Stealth
 - Level 6.1(9.2) Shields
 - Level 9.8 Spellcasting
 + Level 23.0(26.3) Hexes
 * Level 1.5(4.5) Charms
 - Level 2.0(5.3) Ice Magic


You couldn't memorise any spells.
You knew the following spells:

 Your Spells              Type           Power        Failure   Level  Hunger
a - Corona                Hex            #######      0%          1    None
b - Sure Blade            Hex/Chrm       ######....   1%          2    None
c - Confuse               Hex            #######.     0%          3    None
d - Ensorcelled Hibernat  Hex/Ice        ######       0%          2    None
e - Enslavement           Hex            #######.     0%          4    ##.....
f - Cause Fear            Hex            #######...   0%          4    ##.....
s - Dazzling Spray        Conj/Hex       ######..     1%          3    None
v - Summon Mana Viper     Hex/Summ       ######..     1%          5    ####...
A - Apportation           Tloc           ##........   2%          1    None
E - Metabolic Englaciati  Hex/Ice        ######....   1%          5    ####...
F - Flight                Chrm/Air       ###.......   3%          3    None


Dungeon Overview and Level Annotations

Branches:
Dungeon (15/15)            Temple (1/1) D:6             Orc (0/4) D:12
   Lair (8/8) D:11         Shoals (1/5) Lair:4       Spider (0/5) Lair:4
  Slime (0/6) Lair:7       Vaults (0/5) D:14         Depths (0/5) D:15

Altars:
Ashenzari
Cheibriados
Dithmenos
Elyvilon
Fedhas
Gozag
Kikubaaqudgha
Makhleb
Nemelex Xobeh
Okawaru
Qazlal
Sif Muna
Trog
Vehumet
Xom
Yredelemnul
Zin
The Shining One
Jiyva

Shops:
D:12 =}!}}

Annotations:
Lair:8 3 exclusions


Innate Abilities, Weirdness & Mutations

You do not heal naturally.
You can bottle blood from corpses.
You have razor-sharp teeth.*
You have supernaturally acute eyesight.
You can survive without breathing.*


Message History

Confirm with . or Enter, or press ? or * to list all spells.
The octopode crusher looks frightened!
The merfolk looks frightened!
The merfolk looks frightened!
The merfolk impaler looks frightened!
The merfolk prays for help.
The octopode crusher throws you!
* * * LOW HITPOINT WARNING * * *
The merfolk impaler prays for help.
A merfolk comes into view. It is wielding a trident.
There is a large open door here.
The octopode crusher seems to regain its courage.
Items here: %% )) a +0 trident x2 a merfolk corpse x2
There is an open door, spattered with blood here.
Things that are here:
a +0 trident; a merfolk corpse You hit the merfolk.
You bite the merfolk, but do no damage.
The merfolk is lightly wounded.
The merfolk hits you with a trident!
You die...

, *#.......#8≈≈#{...m#≈≈8* ,
, #.......##≈≈##...## ≈ * ,**
, ##.......#8≈≈x##8## ≈ 8 ,,
, .........##≈≈{≈###≈ ≈ *#
≈≈≈ ≈ ≈.........##≈≈≈#
≈*#≈≈≈≈ ≈≈ ..........#≈≈≈#
≈≈{*≈≈≈≈ ≈ ≈..........##≈)# ≈
#≈≈≈≈≈≈≈ ≈ ≈≈.........##)#
'##≈≈≈≈≈≈≈ ≈
≈≈.........m@#####≈≈≈≈≈≈≈≈≈≈≈
,,*
.............≈≈≈≈≈≈≈≈≈≈≈≈≈≈ *
.............≈≈≈≈≈≈≈≈≈≈≈≈≈≈ *
* ...........≈≈≈≈≈≈≈≈≈≈≈≈≈≈
.........≈≈≈≈≈≈≈≈≈≈≈≈≈≈≈≈ **
,........≈≈≈≈≈≈≈≈≈≈≈≈≈≈≈ * *
, ≈≈≈≈≈..≈≈≈≈≈≈≈≈≈≈≈≈≈≈≈≈
,,,,,, ≈≈
≈≈≈≈≈≈≈≈≈≈≈≈≈≈≈≈≈≈≈≈≈≈≈ ≈≈≈
≈≈≈ ≈≈≈≈..≈≈≈≈≈≈≈≈≈≈≈≈≈ ≈


You could see a merfolk.

Vanquished Creatures
  Gastronok (Lair:2)
  A dire elephant (D:15)
  A great orb of eyes (Lair:8)
  2 ogre magi (D:15)
  6 hydras
  Harold (Lair:1)
  An ice dragon (D:14)
  A ghost crab (shapeshifter) (D:14)
  16 death yaks (Lair:8)
  A tengu warrior (D:15)
  2 centaur warriors
  Nergalle (Lair:1)
  3 catoblepae (Lair:8)
  8 skeletal warriors
  4 unseen horrors
  Pikel (D:4)
  5 hill giants
  3 griffons
  Joseph (Lair:1)
  A wolf spider (D:15)
  4 oklob plants
  The ghost of cosh the Frost Mage, an experienced DEIE of Vehumet (D:8)
  2 cyclopes
  A salamander (D:15)
  5 manticores
  A mermaid (Shoals:1)
  Maurice (D:10)
  8 elephants (Lair:7)
  A torpor snail (Lair:5)
  3 gargoyles
  6 black mambas
  2 feature mimics
  13 komodo dragons
  A kobold demonologist (D:14)
  The ghost of haldagan the Sneak, an experienced OpFi of Ashenzari (D:5)
  14 spiny frogs
  4 two-headed ogres
  A centaur skeleton (D:13)
  3 fire drakes
  3 trolls
  A freezing wraith (D:14)
  2 polar bears (Lair:5)
  Sonja (D:15)
  A fire vortex (Volcano)
  A jumping spider (Lair:8)
  4 merfolk (Shoals:1)
  A hydra skeleton (D:14)
  8 blink frogs
  3 ravens (D:15)
  7 slime creatures
  A snapping turtle (Lair:4)
  A boulder beetle (Lair:8)
  7 basilisks
  A vampire (D:14)
  A spriggan (Lair:1)
  62 yaks
  2 wyverns
  4 wolves (Lair:8)
  4 redbacks (Lair:8)
  6 ugly things (D:11)
  3 deep elf magi
  14 hippogriffs
  2 vampire mosquitoes (D:15)
  Eustachio (D:5)
  A hill giant zombie (D:12)
  4 wraiths
  4 fire elementals (Volcano)
  A deep elf fighter (D:14)
  6 hungry ghosts
  The ghost of cosh the Carver, an experienced NaWr of Qazlal (D:6)
  A hill giant skeleton (D:9)
  Menkaure (D:5)
  A soldier ant (D:11)
  15 water moccasins
  A slave (D:4)
  3 orc warriors
  A mottled dragon (D:15)
  2 black bears
  7 spiders (Lair:4)
  11 porcupines
  3 yellow wasps
  2 boggarts (D:14)
  8 ogres
  2 sky beasts
  3 ice beasts
  A necrophage (D:12)
  3 phantoms
  6 centaurs
  3 big kobolds
  15 crocodiles
  16 giant frogs
  10 killer bees
  5 scorpions
  2 water moccasin skeletons
  An electric eel (Lair:4)
  6 centaur zombies
  8 wights
  A black bear zombie (D:9)
  3 goliath beetles
  12 hounds
  8 orc priests
  3 giant frog zombies
  10 crimson imps
  3 jellies
  11 orc wizards
  A gnoll shaman (D:9)
  10 iguanas
  26 sheep
  11 worker ants
  A sky beast zombie (D:12)
  6 ogre zombies
  A big kobold zombie (Ossuary)
  11 mummies
  8 gnolls
  22 adders
  2 scorpion zombies
  2 big fish zombies (D:4)
  61 green rats
  5 shadow imps
  3 giant mites
  2 worms (D:3)
  An adder skeleton (D:6)
  3 adder zombies (Ossuary)
  5 giant geckos
  4 oozes
  34 orcs
  A ball python (D:1)
  14 bats
  4 giant cockroaches
  16 goblins
  11 hobgoblins
  18 jackals
  29 kobolds
  12 quokkas
  10 giant newts
  A goblin skeleton (D:12)
  3 goblin zombies
  3 hobgoblin skeletons
  8 hobgoblin zombies
  2 kobold zombies (Ossuary)
  3 orc skeletons (D:12)
  12 orc zombies
  7 quokka zombies (Ossuary)
  10 rats
  5 rat zombies (Ossuary)
  A fungus (Lair:8)
  2 plants
869 creatures vanquished.

Vanquished Creatures (collateral kills)
  3 boggarts (D:14)
  An ogre zombie (D:12)
  An orc skeleton (D:12)
5 creatures vanquished.

Vanquished Creatures (others)
  A gnoll (D:4)
  An orc (D:9)
  A giant spore (D:6)
  17 fungi
  13 plants
33 creatures vanquished.

Grand Total: 907 creatures vanquished

Notes
Turn   | Place    | Note
--------------------------------------------------------------
     0 | D:1      | PolkaDot, the Vampire Enchanter, began the quest for the Orb.
     0 | D:1      | Reached XP level 1. HP: 13/13 MP: 3/3
   302 | D:1      | Reached XP level 2. HP: 14/19 MP: 2/4
   650 | D:1      | Learned a level 2 spell: Ensorcelled Hibernation
   698 | D:1      | Reached skill level 1 in Ice Magic
  1124 | D:1      | Reached XP level 3. HP: 24/24 MP: 0/6
  1686 | D:2      | Reached skill level 5 in Hexes
  2092 | D:2      | Reached XP level 4. HP: 21/30 MP: 0/7
  2492 | D:3      | Reached skill level 5 in Stealth
  2549 | D:2      | Learned a level 3 spell: Confuse
  2552 | D:3      | Reached skill level 6 in Hexes
  2635 | D:3      | Reached XP level 5. HP: 11/35 MP: 3/9
  2781 | D:3      | Noticed an ice beast
  2782 | D:3      | Killed an ice beast
  2782 | D:3      | Reached skill level 7 in Hexes
  3016 | D:3      | Reached XP level 6. HP: 41/41 MP: 10/10
  3200 | D:3      | Found a sparkling altar of Nemelex Xobeh.
  3530 | D:3      | Reached skill level 8 in Hexes
  3834 | D:4      | Found a basalt altar of Yredelemnul.
  4051 | D:4      | Reached XP level 7. HP: 46/46 MP: 9/12
  4128 | D:4      | Noticed Pikel
  4161 | D:4      | Learned a level 4 spell: Enslavement
  4241 | D:4      | Killed Pikel
  4241 | D:4      | Reached skill level 10 in Hexes
  4332 | D:4      | Reached XP level 8. HP: 52/52 MP: 13/13
  4461 | D:5      | Entered Level 5 of the Dungeon
  4540 | D:5      | Found a sand-covered staircase.
  4550 | Ossuary  | Entered an ossuary
  4899 | Ossuary  | Reached skill level 5 in Short Blades
  5264 | D:5      | Noticed Eustachio
  5270 | D:5      | Killed Eustachio
  5270 | D:5      | Reached skill level 11 in Hexes
  5291 | D:5      | Noticed haldagan's ghost (experienced OpFi)
  5370 | D:5      | Killed haldagan's ghost
  5370 | D:5      | Reached skill level 12 in Hexes
  5381 | D:5      | Noticed Menkaure
  5404 | D:5      | Found a stormy altar of Qazlal.
  5405 | D:5      | Found an iron altar of Okawaru.
  5421 | D:5      | Found a bloodstained altar of Trog.
  5459 | D:5      | Killed Menkaure
  5471 | D:5      | HP: 2/52 [acid (12)]
  5476 | D:5      | Reached XP level 9. HP: 35/57 MP: 2/14
  6300 | D:6      | Reached skill level 10 in Stealth
  6479 | D:6      | Found a burning altar of Makhleb.
  6586 | D:6      | Noticed cosh's ghost (experienced NaWr)
  6597 | D:6      | Killed cosh's ghost
  6725 | D:6      | Reached skill level 13 in Hexes
  6993 | D:6      | Found a staircase to the Ecumenical Temple.
  7002 | Temple   | Entered the Ecumenical Temple
  7056 | Temple   | Became a worshipper of Ashenzari the Shackled
  7417 | D:6      | Found a sparkling altar of Nemelex Xobeh.
  7708 | D:7      | Learned a level 2 spell: Sure Blade
  8217 | D:8      | Reached skill level 14 in Hexes
  8234 | D:8      | Noticed cosh's ghost (experienced DEIE)
  8248 | D:8      | Killed cosh's ghost
  8431 | D:8      | Reached XP level 10. HP: 44/63 MP: 9/16
  9597 | D:9      | Reached skill level 15 in Hexes
  9626 | D:9      | Acquired Ashenzari's first power
 10276 | D:10     | Entered Level 10 of the Dungeon
 10276 | D:10     | Noticed Maurice
 10277 | D:10     | Killed Maurice
 10465 | D:10     | Reached skill level 16 in Hexes
 11201 | D:11     | Reached XP level 11. HP: 24/68 MP: 6/17
 11406 | D:11     | Identified the +6 chain mail of Hopscotch {Str-3 Int+4}
 11903 | D:11     | Reached skill level 17 in Hexes
 12000 | D:11     | Noticed a manticore
 12003 | D:11     | Killed a manticore
 12224 | D:11     | Found a staircase to the Lair.
 12290 | D:11     | Reached skill level 10 in Short Blades
 12552 | D:11     | Acquired Ashenzari's second power
 12651 | Lair:1   | Entered Level 1 of the Lair of Beasts
 12715 | Lair:1   | Noticed Harold
 13092 | Lair:1   | Noticed a spriggan rider
 13110 | Lair:1   | Killed a yellow wasp
 13115 | Lair:1   | Killed a spriggan
 13400 | Lair:1   | Noticed Joseph
 13403 | Lair:1   | Killed Joseph
 13403 | Lair:1   | Reached skill level 18 in Hexes
 13620 | Lair:1   | Noticed Nergalle
 13625 | Lair:1   | Killed Nergalle
 13867 | Lair:1   | Killed Harold
 13911 | Lair:2   | Reached XP level 12. HP: 74/74 MP: 18/18
 14393 | Lair:2   | Reached skill level 15 in Stealth
 14638 | Lair:2   | Acquired Ashenzari's third power
 14845 | Lair:2   | Noticed Gastronok
 14859 | Lair:2   | Reached skill level 19 in Hexes
 15009 | Lair:2   | Learned a level 3 spell: Dazzling Spray
 15226 | Lair:2   | Killed Gastronok
 15597 | Lair:3   | Noticed an eight-headed hydra
 15601 | Lair:3   | Killed an eight-headed hydra
 15800 | Lair:3   | Reached skill level 20 in Hexes
 15956 | Lair:3   | Identified the +3 long sword of Dismemberment {pain, +Fly Dex+2}
 16372 | Lair:4   | Found a dark tunnel.
 16379 | Volcano  | Entered a volcano
 16499 | Lair:4   | Learned a level 4 spell: Cause Fear
 16740 | Lair:4   | Reached skill level 1 in Armour
 16785 | Lair:4   | Found a staircase to the Shoals.
 16844 | Lair:4   | Found a hole to the Spider Nest.
 16976 | Lair:4   | Acquired Ashenzari's fourth power
 17048 | Lair:4   | Reached XP level 13. HP: 79/79 MP: 17/23
 18427 | Lair:5   | Identified the +8 great mace "Gienu" {drain, MR+}
 19857 | Lair:7   | Reached skill level 5 in Spellcasting
 19863 | Lair:7   | Reached skill level 21 in Hexes
 19933 | Lair:7   | Learned a level 3 spell: Flight
 20519 | Lair:7   | Found a staircase to the Slime Pits.
 20794 | Lair:8   | Entered Level 8 of the Lair of Beasts
 21103 | Lair:8   | Found a viscous altar of Jiyva.
 21216 | Lair:8   | Learned a level 1 spell: Apportation
 21315 | Lair:8   | Reached XP level 14. HP: 85/85 MP: 29/29
 22255 | Lair:8   | Learned a level 5 spell: Summon Mana Viper
 23237 | Lair:8   | Reached skill level 22 in Hexes
 23895 | D:12     | Noticed a skeletal warrior
 23895 | D:12     | Noticed a skeletal warrior
 23937 | D:12     | Found Rali's Gadget Shoppe.
 24051 | D:12     | Found Woicoito's Gadget Emporium.
 24174 | D:12     | Found a staircase to the Orcish Mines.
 24189 | D:12     | Noticed a hill giant
 24224 | D:12     | Killed a hill giant
 24377 | D:12     | Found Terr's Distillery.
 24441 | D:12     | Found Iquamio's Gadget Boutique.
 24442 | D:12     | Noticed a seven-headed hydra
 24443 | D:12     | Found Kuhoydoth's Jewellery Emporium.
 24448 | D:12     | Killed a seven-headed hydra
 24469 | D:12     | Bought a wand of teleportation (4) for 336 gold pieces
 24469 | D:12     | Bought a wand of invisibility (4) for 112 gold pieces
 24488 | D:12     | Noticed a skeletal warrior
 24495 | D:12     | Killed a skeletal warrior
 24497 | D:12     | Killed a skeletal warrior
 24499 | D:12     | Killed a skeletal warrior
 24516 | D:12     | Bought a potion of strong poison for 32 gold pieces
 24516 | D:12     | Bought 2 potions of haste for 224 gold pieces
 24698 | D:12     | Noticed an eight-headed hydra
 24704 | D:12     | Killed an eight-headed hydra
 25346 | D:13     | Reached XP level 15. HP: 90/90 MP: 32/32
 25761 | D:13     | Reached skill level 1 in Shields
 25998 | D:14     | Found a blossoming altar of Fedhas.
 26167 | D:14     | Found a gate to the Vaults.
 26831 | D:15     | Entered Level 15 of the Dungeon
 26865 | D:15     | Noticed Sonja
 26874 | D:15     | Killed Sonja
 27311 | D:15     | Reached skill level 5 in Shields
 28000 | D:15     | Found a staircase to the Depths.
 28222 | Lair:1   | Learned a level 5 spell: Metabolic Englaciation
 28434 | Shoals:1 | Entered Level 1 of the Shoals
 28441 | Shoals:1 | Reached skill level 23 in Hexes
 28511 | Shoals:1 | Reached skill level 1 in Charms
 28600 | Shoals:1 | Slain by a merfolk

Action                   |  1- 3 |  4- 6 |  7- 9 | 10-12 | 13-15 || total
-------------------------+-------+-------+-------+-------+-------++-------
Melee: Dagger            |   129 |   122 |   341 |   515 |   871 ||  1978
Throw: Throwing net      |       |       |       |     1 |       ||     1
 Cast: Corona            |     9 |       |       |     5 |    11 ||    25
       Ensorcelled Hiber |    26 |    50 |    59 |   203 |   198 ||   536
       Confuse           |       |     1 |    36 |    17 |    43 ||    97
       Enslavement       |       |       |     1 |       |     6 ||     7
       Dazzling Spray    |       |       |       |     6 |    68 ||    74
       Cause Fear        |       |       |       |       |     2 ||     2
       Sure Blade        |       |       |       |       |     3 ||     3
       Flight            |       |       |       |       |     2 ||     2
Evoke: Wand              |       |       |       |     2 |     4 ||     6
  Use: Scroll            |       |    11 |    13 |    20 |    12 ||    56
       Potion            |       |     3 |     6 |     6 |     7 ||    22
 Stab: Sleeping          |    23 |    52 |    81 |   193 |   248 ||   597
       Confused          |       |     1 |    23 |    18 |    36 ||    78
       Invisible         |       |       |     2 |     6 |    57 ||    65
       Distracted        |       |       |     1 |     4 |     9 ||    14
       Held in net/web   |       |       |       |     1 |       ||     1
       Betrayed ally     |       |       |       |       |     2 ||     2
